[ PARTIDA AOE2 · #489428870 ]
UnrankedCeltas vs Hindustanis
[ ANÁLISIS DE REPETICIÓN · EXTRAÍDO DE LA PARTIDA GRABADA ]
Feudal
7:36
Castillos
11:31
Imperial
28:01
| APM promedio | 54.4 |
| APM pico | 86 |
| eAPM promedio | 32.4 |
| Aldeanos / militares | 143 / 495 |
Foco
⚔️ 62.7% · 🌾 37.3%
Spearman ×242 · Scout Cavalry ×119 · Scorpion ×93 · Woad Raider ×32 · Trade Cart ×23 · Trebuchet (Packed) ×5
Feudal
7:36
Castillos
11:31
Imperial
24:54
| APM promedio | 24.2 |
| APM pico | 58 |
| eAPM promedio | 12.6 |
| Aldeanos / militares | 116 / 230 |
Foco
⚔️ 25.3% · 🌾 74.7%
Scout Cavalry ×89 · Camel Scout ×60 · Bombard Cannon ×30 · Hand Cannoneer ×29 · Skirmisher ×20 · Monk ×1
Feudal
8:02
Castillos
11:42
Imperial
43:30
| APM promedio | 72.4 |
| APM pico | 198 |
| eAPM promedio | 35.0 |
| Aldeanos / militares | 119 / 131 |
Foco
⚔️ 78.5% · 🌾 21.5%
Mangudai ×131
Feudal
7:11
Castillos
11:33
Imperial
51:51
| APM promedio | 38.1 |
| APM pico | 79 |
| eAPM promedio | 23.4 |
| Aldeanos / militares | 217 / 611 |
Foco
⚔️ 28.5% · 🌾 71.5%
Scout Cavalry ×566 · Janissary ×30 · Petard ×8 · Battering Ram ×6 · Mangonel ×1
Feudal
8:25
Castillos
12:07
Imperial
29:00
| APM promedio | 28.7 |
| APM pico | 70 |
| eAPM promedio | 17.1 |
| Aldeanos / militares | 150 / 505 |
Foco
⚔️ 43.7% · 🌾 56.3%
Longbowman ×221 · Spearman ×150 · Militia ×110 · Trebuchet (Packed) ×14 · Battering Ram ×8 · Monk ×2
Feudal
8:27
Castillos
11:09
Imperial
29:47
| APM promedio | 43.1 |
| APM pico | 104 |
| eAPM promedio | 25.6 |
| Aldeanos / militares | 196 / 542 |
Foco
⚔️ 31.5% · 🌾 68.5%
Scout Cavalry ×272 · Knight ×202 · Battle Elephant ×55 · Trade Cart ×24 · Trebuchet (Packed) ×13
Feudal
5:55
Castillos
14:39
Imperial
39:40
| APM promedio | 32.7 |
| APM pico | 70 |
| eAPM promedio | 22.1 |
| Aldeanos / militares | 165 / 211 |
Foco
⚔️ 35.5% · 🌾 64.5%
Scout Cavalry ×124 · Spearman ×61 · Unknown (1952) ×58 · Unknown (1949) ×45 · Battering Ram ×26 · Unknown (1942) ×2
Feudal
8:27
Castillos
11:57
Imperial
28:45
| APM promedio | 28.5 |
| APM pico | 48 |
| eAPM promedio | 21.0 |
| Aldeanos / militares | 318 / 482 |
Foco
⚔️ 33.9% · 🌾 66.1%
Skirmisher ×177 · Knight ×176 · Scout Cavalry ×74 · Trade Cart ×30 · Hand Cannoneer ×20 · Conquistador ×17
Mapa de la partida
Recursos iniciales + cada clic de construcción. Líneas = muros · curvas = relieve. ◆ oro · ⬟ piedra · ● bayas · ✦ reliquia · ◌ hueco del cierre
Tu base· ✓ Cerrada en 11:31 · 0t muro · 6 puerta(s)
Base de Rabe3000· ✓ Cerrada en 11:31 · 0t muro · 4 puerta(s)
Base de |AT| Gorkha· ✓ Cerrada en 11:42 · 0t muro · 6 puerta(s)
Base de CTM | Crawly94· ✓ Cerrada en 11:33 · 0t muro · 6 puerta(s)
Base de ᅚᅚᅚᅚ· ✓ Cerrada en 12:07 · 0t muro · 7 puerta(s)
Base de Ux'Tycho0201· ✓ Cerrada en 11:09 · 0t muro · 7 puerta(s)
Base de Pelantaro· ✓ Cerrada en 14:39 · 0t muro · 7 puerta(s)
Base de Ux'Saintseko· ✓ Cerrada en 11:57 · 0t muro · 5 puerta(s)
Terreno inicial suavizado · ◌ = hueco del cierre detectado · pasá el cursor para detalles
Inputs por minuto
— Ux'DonChauron - - Rabe3000
Build order — Ux'DonChauron
Primeras 150 de 996 acciones detectadas
| 0:00 | Crear | Villager (Male) |
| 0:01 | Crear | Villager (Male) |
| 0:01 | Crear | Villager (Male) |
| 0:04 | Construir | Mill |
| 0:07 | Construir | Lumber Camp |
| 0:13 | Crear | Villager (Male) |
| 0:13 | Crear | Villager (Male) |
| 0:13 | Crear | Villager (Male) |
| 1:20 | Crear | Villager (Male) |
| 1:21 | Crear | Villager (Male) |
| 1:25 | Crear | Villager (Male) |
| 1:58 | Crear | Villager (Male) |
| 2:13 | Crear | Villager (Male) |
| 3:07 | Crear | Villager (Male) |
| 3:10 | Crear | Villager (Male) |
| 3:11 | Crear | Villager (Male) |
| 3:36 | Construir | Mining Camp |
| 3:44 | Construir | Farm |
| 3:46 | Construir | Farm |
| 3:57 | Crear | Villager (Male) |
| 4:00 | Crear | Villager (Male) |
| 4:11 | Construir | Farm |
| 5:14 | Investigar | Feudal Age |
| 5:14 | Investigar | Feudal Age |
| 5:14 | Investigar | Feudal Age |
| 5:48 | Construir | Farm |
| 6:16 | Crear | Villager (Male) |
| 6:16 | Crear | Villager (Male) |
| 6:17 | Investigar | Loom |
| 7:00 | Construir | Farm |
| 7:16 | Construir | Farm |
| 7:36 | Edad | Edad Feudal |
| 7:38 | Construir | Market |
| 7:40 | Construir | Blacksmith |
| 8:38 | Investigar | Castle Age |
| 8:38 | Investigar | Castle Age |
| 8:38 | Investigar | Castle Age |
| 9:09 | Investigar | Double-Bit Axe |
| 9:28 | Investigar | Horse Collar |
| 9:29 | Investigar | Horse Collar |
| 9:48 | Crear | Villager (Male) |
| 10:21 | Investigar | Gold Mining |
| 10:42 | Crear | Spearman |
| 11:31 | Edad | Edad de los Castillos |
| 11:33 | Construir | Siege Workshop |
| 11:40 | Crear | Villager (Male) |
| 11:47 | Investigar | Bow Saw |
| 11:49 | Investigar | Scale Mail Armor |
| 11:51 | Crear | Woad Raider |
| 12:06 | Crear | Villager (Male) |
| 12:12 | Crear | Woad Raider |
| 12:12 | Crear | Woad Raider |
| 12:28 | Construir | House |
| 12:30 | Construir | House |
| 12:33 | Crear | Battering Ram |
| 12:33 | Crear | Battering Ram |
| 12:36 | Crear | Villager (Male) |
| 12:47 | Crear | Woad Raider |
| 12:51 | Construir | Farm |
| 12:59 | Crear | Villager (Male) |
| 13:13 | Crear | Woad Raider |
| 13:13 | Crear | Woad Raider |
| 13:17 | Construir | Farm |
| 13:25 | Crear | Villager (Male) |
| 13:25 | Crear | Woad Raider |
| 13:33 | Construir | House |
| 13:34 | Construir | House |
| 13:41 | Crear | Villager (Male) |
| 14:00 | Crear | Woad Raider |
| 14:00 | Crear | Woad Raider |
| 14:16 | Crear | Villager (Male) |
| 14:27 | Construir | Farm |
| 14:27 | Construir | Farm |
| 14:28 | Construir | Farm |
| 14:28 | Construir | Farm |
| 14:28 | Construir | Farm |
| 14:28 | Construir | Farm |
| 14:29 | Construir | Farm |
| 14:29 | Construir | Farm |
| 14:30 | Crear | Woad Raider |
| 14:31 | Crear | Woad Raider |
| 14:44 | Crear | Villager (Male) |
| 14:45 | Crear | Villager (Male) |
| 14:47 | Construir | Farm |
| 14:47 | Construir | Farm |
| 14:48 | Construir | Farm |
| 14:48 | Construir | Farm |
| 15:07 | Crear | Woad Raider |
| 15:30 | Crear | Woad Raider |
| 15:36 | Crear | Villager (Male) |
| 15:41 | Crear | Woad Raider |
| 15:42 | Crear | Villager (Male) |
| 15:48 | Construir | Farm |
| 16:00 | Crear | Woad Raider |
| 16:00 | Crear | Woad Raider |
| 16:15 | Construir | Farm |
| 16:15 | Construir | Farm |
| 16:16 | Construir | Farm |
| 16:16 | Construir | Farm |
| 16:16 | Construir | Farm |
| 16:16 | Construir | Farm |
| 16:19 | Crear | Villager (Male) |
| 16:23 | Crear | Woad Raider |
| 16:24 | Crear | Woad Raider |
| 16:24 | Crear | Woad Raider |
| 16:24 | Crear | Woad Raider |
| 16:39 | Crear | Woad Raider |
| 16:40 | Crear | Woad Raider |
| 16:40 | Crear | Woad Raider |
| 16:51 | Crear | Woad Raider |
| 16:51 | Crear | Woad Raider |
| 16:52 | Crear | Woad Raider |
| 17:09 | Construir | Farm |
| 17:09 | Construir | Farm |
| 17:09 | Construir | Farm |
| 17:09 | Construir | Farm |
| 17:09 | Construir | Farm |
| 17:10 | Crear | Villager (Male) |
| 17:10 | Crear | Villager (Male) |
| 17:22 | Crear | Woad Raider |
| 17:23 | Crear | Woad Raider |
| 17:39 | Crear | Villager (Male) |
| 17:52 | Crear | Villager (Male) |
| 18:11 | Construir | Town Center |
| 18:18 | Crear | Villager (Male) |
| 18:35 | Construir | Mining Camp |
| 18:37 | Crear | Villager (Male) |
| 18:49 | Construir | Farm |
| 18:57 | Investigar | Heavy Plow |
| 18:57 | Investigar | Heavy Plow |
| 19:05 | Crear | Villager (Male) |
| 19:26 | Construir | Stone Wall |
| 19:39 | Crear | Villager (Male) |
| 19:40 | Crear | Villager (Male) |
| 19:49 | Investigar | Wheelbarrow |
| 19:52 | Crear | Villager (Male) |
| 19:52 | Crear | Villager (Male) |
| 20:06 | Construir | Town Center |
| 20:09 | Crear | Villager (Male) |
| 20:20 | Crear | Villager (Male) |
| 20:23 | Construir | Farm |
| 20:41 | Crear | Villager (Male) |
| 20:48 | Crear | Villager (Male) |
| 20:53 | Construir | Farm |
| 20:56 | Construir | Farm |
| 21:04 | Construir | Stone Wall |
| 21:06 | Crear | Villager (Male) |
| 21:29 | Crear | Villager (Male) |
| 21:39 | Crear | Villager (Male) |
| 21:55 | Crear | Villager (Male) |
Build order — Rabe3000
Primeras 150 de 352 acciones detectadas
| 0:01 | Crear | Villager (Male) |
| 0:01 | Crear | Villager (Male) |
| 0:01 | Crear | Villager (Male) |
| 0:01 | Crear | Villager (Male) |
| 0:06 | Construir | Lumber Camp |
| 0:58 | Crear | Villager (Male) |
| 1:51 | Crear | Villager (Male) |
| 2:09 | Crear | Villager (Male) |
| 2:28 | Crear | Villager (Male) |
| 2:47 | Crear | Villager (Male) |
| 3:03 | Construir | Mill |
| 3:09 | Crear | Villager (Male) |
| 3:28 | Crear | Villager (Male) |
| 3:43 | Crear | Villager (Male) |
| 3:57 | Construir | Farm |
| 4:00 | Construir | Farm |
| 4:03 | Crear | Villager (Male) |
| 4:20 | Crear | Villager (Male) |
| 4:46 | Crear | Villager (Male) |
| 4:56 | Construir | Farm |
| 5:11 | Investigar | Feudal Age |
| 5:40 | Construir | Mining Camp |
| 5:46 | Crear | Villager (Male) |
| 5:47 | Crear | Villager (Male) |
| 6:24 | Construir | Farm |
| 6:29 | Crear | Villager (Male) |
| 7:36 | Edad | Edad Feudal |
| 7:47 | Construir | Market |
| 8:03 | Construir | Blacksmith |
| 8:47 | Investigar | Castle Age |
| 8:54 | Investigar | Double-Bit Axe |
| 9:13 | Investigar | Horse Collar |
| 9:17 | Crear | Villager (Male) |
| 10:37 | Crear | Villager (Male) |
| 11:27 | Crear | Villager (Male) |
| 11:31 | Edad | Edad de los Castillos |
| 11:38 | Construir | Town Center |
| 11:44 | Crear | Villager (Male) |
| 11:50 | Investigar | Bow Saw |
| 11:54 | Crear | Villager (Male) |
| 12:25 | Crear | Villager (Male) |
| 12:46 | Construir | Town Center |
| 12:51 | Crear | Villager (Male) |
| 13:28 | Crear | Villager (Male) |
| 13:32 | Investigar | Wheelbarrow |
| 13:56 | Crear | Villager (Male) |
| 14:21 | Crear | Villager (Male) |
| 14:32 | Construir | Monastery |
| 14:42 | Crear | Villager (Male) |
| 14:43 | Crear | Villager (Male) |
| 14:44 | Crear | Villager (Male) |
| 14:52 | Crear | Villager (Male) |
| 14:53 | Crear | Villager (Male) |
| 14:54 | Crear | Villager (Male) |
| 15:24 | Crear | Villager (Male) |
| 15:25 | Crear | Villager (Male) |
| 15:28 | Construir | Farm |
| 15:32 | Crear | Monk |
| 15:41 | Construir | Stable |
| 15:46 | Construir | Stable |
| 15:51 | Crear | Villager (Male) |
| 15:52 | Crear | Villager (Male) |
| 15:53 | Crear | Villager (Male) |
| 15:55 | Construir | Farm |
| 16:03 | Construir | Farm |
| 16:08 | Construir | Farm |
| 16:09 | Construir | Farm |
| 16:11 | Crear | Villager (Male) |
| 16:11 | Crear | Villager (Male) |
| 16:14 | Crear | Villager (Male) |
| 16:33 | Crear | Villager (Male) |
| 16:42 | Construir | Farm |
| 16:43 | Construir | Farm |
| 17:00 | Crear | Camel Scout ×2 |
| 17:04 | Crear | Villager (Male) |
| 17:09 | Construir | House |
| 17:11 | Construir | House |
| 17:12 | Construir | House |
| 17:15 | Construir | House |
| 17:25 | Crear | Villager (Male) |
| 17:26 | Crear | Villager (Male) |
| 17:27 | Crear | Villager (Male) |
| 17:33 | Construir | Farm |
| 17:34 | Construir | Farm |
| 17:49 | Crear | Villager (Male) |
| 17:50 | Crear | Villager (Male) |
| 17:55 | Construir | House |
| 18:11 | Construir | Town Center |
| 18:21 | Crear | Camel Scout ×4 |
| 18:23 | Crear | Villager (Male) |
| 18:26 | Construir | Farm |
| 18:41 | Construir | Lumber Camp |
| 18:46 | Construir | House |
| 18:54 | Construir | Farm |
| 18:56 | Crear | Villager (Male) |
| 18:57 | Crear | Villager (Male) |
| 18:57 | Crear | Villager (Male) |
| 19:16 | Crear | Villager (Male) |
| 19:16 | Crear | Villager (Male) |
| 19:16 | Crear | Villager (Male) |
| 19:20 | Construir | Farm |
| 19:37 | Crear | Villager (Male) |
| 19:48 | Construir | Mill |
| 19:54 | Crear | Villager (Male) |
| 19:59 | Construir | Farm |
| 20:00 | Construir | Farm |
| 20:01 | Construir | Farm |
| 20:04 | Construir | Farm |
| 20:05 | Construir | Farm |
| 20:06 | Construir | Farm |
| 20:10 | Construir | Farm |
| 20:12 | Construir | Farm |
| 20:13 | Construir | Farm |
| 20:14 | Crear | Villager (Male) |
| 20:15 | Crear | Villager (Male) |
| 20:24 | Crear | Villager (Male) |
| 20:24 | Crear | Villager (Male) |
| 20:52 | Construir | Farm |
| 21:07 | Construir | Stone Wall |
| 21:20 | Crear | Villager (Male) |
| 21:20 | Crear | Villager (Male) |
| 21:27 | Construir | Farm |
| 21:30 | Construir | Farm |
| 21:44 | Investigar | Imperial Age |
| 21:56 | Investigar | Scale Barding Armor |
| 22:04 | Construir | Farm |
| 22:06 | Crear | Villager (Male) |
| 22:06 | Crear | Villager (Male) |
| 22:10 | Construir | Lumber Camp |
| 22:52 | Construir | University |
| 23:11 | Crear | Villager (Male) |
| 23:11 | Crear | Villager (Male) |
| 23:12 | Crear | Villager (Male) |
| 23:15 | Construir | Farm |
| 23:18 | Investigar | Heavy Plow |
| 23:49 | Crear | Villager (Male) |
| 23:54 | Construir | Farm |
| 23:57 | Construir | Lumber Camp |
| 24:05 | Construir | House |
| 24:06 | Construir | House |
| 24:13 | Construir | Archery Range |
| 24:15 | Construir | Archery Range |
| 24:16 | Construir | Archery Range |
| 24:19 | Investigar | Padded Archer Armor |
| 24:25 | Construir | Farm |
| 24:29 | Construir | House |
| 24:30 | Construir | House |
| 24:31 | Construir | House |
| 24:32 | Construir | House |
| 24:35 | Crear | Villager (Male) |
Build order — |AT| Gorkha
Primeras 150 de 265 acciones detectadas
| 0:02 | Crear | Villager (Male) |
| 0:02 | Crear | Villager (Male) |
| 0:05 | Construir | Lumber Camp |
| 0:50 | Crear | Villager (Male) |
| 1:14 | Crear | Villager (Male) |
| 1:41 | Crear | Villager (Male) |
| 2:01 | Crear | Villager (Male) |
| 2:22 | Crear | Villager (Male) |
| 2:31 | Crear | Villager (Male) |
| 2:54 | Crear | Villager (Male) |
| 2:55 | Construir | Mill |
| 3:32 | Crear | Villager (Male) |
| 3:53 | Crear | Villager (Male) |
| 4:29 | Construir | Farm |
| 4:34 | Crear | Villager (Male) |
| 4:39 | Construir | Farm |
| 4:44 | Construir | Farm |
| 4:56 | Crear | Villager (Male) |
| 5:09 | Construir | Mining Camp |
| 5:24 | Crear | Villager (Male) |
| 5:50 | Investigar | Feudal Age |
| 8:02 | Edad | Edad Feudal |
| 8:05 | Construir | Market |
| 8:09 | Construir | Blacksmith |
| 8:12 | Crear | Villager (Male) |
| 8:36 | Crear | Villager (Male) |
| 8:58 | Investigar | Castle Age |
| 9:33 | Investigar | Fletching |
| 9:39 | Investigar | Horse Collar |
| 9:53 | Investigar | Double-Bit Axe |
| 10:00 | Construir | Farm |
| 10:16 | Investigar | Gold Mining |
| 10:34 | Crear | Villager (Male) |
| 10:37 | Construir | Lumber Camp |
| 11:42 | Edad | Edad de los Castillos |
| 11:43 | Investigar | Bow Saw |
| 11:48 | Crear | Mangudai |
| 11:48 | Crear | Mangudai |
| 11:59 | Crear | Villager (Male) |
| 12:04 | Crear | Villager (Male) |
| 12:22 | Investigar | Bodkin Arrow |
| 12:38 | Construir | Farm |
| 12:44 | Crear | Villager (Male) |
| 12:51 | Crear | Mangudai |
| 12:55 | Construir | Stable |
| 12:59 | Construir | Stable |
| 13:05 | Crear | Mangudai |
| 13:12 | Crear | Villager (Male) |
| 13:21 | Crear | Mangudai |
| 13:32 | Construir | House |
| 13:34 | Construir | House |
| 13:42 | Crear | Villager (Male) |
| 13:47 | Crear | Mangudai |
| 14:03 | Crear | Villager (Male) |
| 14:15 | Investigar | Bloodlines |
| 14:15 | Investigar | Bloodlines |
| 14:22 | Construir | Mining Camp |
| 14:26 | Crear | Villager (Male) |
| 14:35 | Crear | Mangudai |
| 14:35 | Crear | Mangudai |
| 14:40 | Crear | Villager (Male) |
| 14:45 | Construir | House |
| 15:10 | Crear | Mangudai |
| 15:11 | Crear | Mangudai |
| 15:20 | Crear | Villager (Male) |
| 15:21 | Crear | Mangudai |
| 15:22 | Crear | Mangudai |
| 17:22 | Crear | Mangudai |
| 17:23 | Crear | Mangudai |
| 17:46 | Crear | Villager (Male) |
| 17:47 | Crear | Villager (Male) |
| 17:47 | Crear | Villager (Male) |
| 17:56 | Crear | Villager (Male) |
| 17:56 | Crear | Villager (Male) |
| 18:21 | Construir | Gate |
| 18:30 | Construir | Market |
| 18:37 | Crear | Villager (Male) |
| 18:37 | Crear | Villager (Male) |
| 18:49 | Crear | Villager (Male) |
| 19:45 | Construir | House |
| 19:46 | Construir | House |
| 20:00 | Crear | Mangudai |
| 20:01 | Crear | Mangudai |
| 20:07 | Crear | Villager (Male) |
| 20:13 | Investigar | Padded Archer Armor |
| 20:20 | Crear | Mangudai |
| 20:20 | Crear | Mangudai |
| 20:21 | Crear | Mangudai |
| 20:26 | Construir | Farm |
| 20:31 | Construir | Farm |
| 20:35 | Investigar | Stone Mining |
| 20:42 | Construir | House |
| 20:42 | Construir | House |
| 20:47 | Construir | Lumber Camp |
| 21:03 | Crear | Mangudai |
| 21:19 | Investigar | Husbandry |
| 21:20 | Investigar | Husbandry |
| 21:24 | Crear | Villager (Male) |
| 21:34 | Crear | Villager (Male) |
| 21:44 | Crear | Mangudai |
| 21:44 | Crear | Mangudai |
| 21:50 | Construir | House |
| 21:51 | Construir | House |
| 21:52 | Construir | House |
| 22:13 | Crear | Villager (Male) |
| 22:15 | Crear | Mangudai |
| 22:24 | Construir | House |
| 22:34 | Investigar | Wheelbarrow |
| 22:53 | Construir | University |
| 23:00 | Crear | Villager (Male) |
| 23:08 | Construir | Castle |
| 23:19 | Crear | Mangudai |
| 23:19 | Crear | Villager (Male) |
| 23:40 | Crear | Mangudai |
| 23:40 | Crear | Mangudai |
| 24:03 | Investigar | Ballistics |
| 24:04 | Investigar | Ballistics |
| 24:04 | Investigar | Ballistics |
| 24:11 | Construir | House |
| 24:12 | Construir | House |
| 24:12 | Construir | House |
| 24:14 | Crear | Villager (Male) |
| 24:34 | Crear | Mangudai |
| 25:10 | Crear | Mangudai |
| 25:10 | Crear | Mangudai |
| 25:19 | Crear | Villager (Male) |
| 25:19 | Crear | Villager (Male) |
| 25:48 | Crear | Mangudai |
| 25:51 | Crear | Villager (Male) |
| 26:05 | Construir | House |
| 26:06 | Construir | House |
| 26:24 | Crear | Mangudai |
| 26:24 | Crear | Mangudai |
| 26:24 | Crear | Mangudai |
| 26:27 | Crear | Villager (Male) |
| 26:51 | Crear | Villager (Male) |
| 27:06 | Crear | Villager (Male) |
| 27:31 | Crear | Mangudai ×4 |
| 27:32 | Crear | Villager (Male) |
| 27:42 | Construir | Castle |
| 27:46 | Construir | Mining Camp |
| 27:58 | Crear | Mangudai |
| 27:59 | Crear | Mangudai |
| 28:14 | Crear | Villager (Male) |
| 28:16 | Investigar | Hand Cart |
| 28:38 | Investigar | Leather Archer Armor |
| 28:43 | Crear | Villager (Male) |
| 28:44 | Crear | Villager (Male) |
| 29:07 | Crear | Mangudai ×2 |
| 29:07 | Crear | Mangudai |
Build order — CTM | Crawly94
Primeras 150 de 698 acciones detectadas
| 0:01 | Crear | Villager (Male) |
| 0:02 | Crear | Villager (Male) |
| 0:08 | Construir | Lumber Camp |
| 0:23 | Crear | Villager (Male) |
| 0:23 | Crear | Villager (Male) |
| 0:50 | Crear | Villager (Male) |
| 1:29 | Crear | Villager (Male) |
| 1:29 | Crear | Villager (Male) |
| 2:09 | Construir | Mill |
| 2:27 | Crear | Villager (Male) |
| 2:28 | Crear | Villager (Male) |
| 2:28 | Crear | Villager (Male) |
| 2:55 | Crear | Villager (Male) |
| 3:09 | Crear | Villager (Male) |
| 3:33 | Crear | Villager (Male) |
| 3:49 | Construir | Farm |
| 4:40 | Construir | Farm |
| 4:41 | Construir | Farm |
| 4:57 | Investigar | Feudal Age |
| 4:57 | Investigar | Feudal Age |
| 5:02 | Construir | Farm |
| 5:19 | Construir | Mining Camp |
| 7:11 | Edad | Edad Feudal |
| 7:13 | Construir | Market |
| 7:16 | Construir | Blacksmith |
| 7:22 | Crear | Villager (Male) |
| 7:22 | Investigar | Loom |
| 7:33 | Crear | Villager (Male) |
| 8:15 | Construir | Farm |
| 8:53 | Investigar | Castle Age |
| 9:51 | Investigar | Double-Bit Axe |
| 9:52 | Investigar | Horse Collar |
| 10:10 | Investigar | Gold Mining |
| 10:28 | Investigar | Loom |
| 10:38 | Crear | Villager (Male) |
| 10:59 | Construir | Farm |
| 11:33 | Edad | Edad de los Castillos |
| 11:36 | Construir | Siege Workshop |
| 11:40 | Crear | Janissary |
| 11:40 | Crear | Janissary |
| 11:41 | Crear | Janissary |
| 11:41 | Crear | Janissary |
| 12:31 | Crear | Villager (Male) |
| 12:37 | Crear | Battering Ram |
| 12:37 | Crear | Battering Ram |
| 12:44 | Crear | Janissary |
| 13:02 | Crear | Janissary |
| 13:06 | Crear | Villager (Male) |
| 13:27 | Crear | Janissary |
| 13:27 | Crear | Janissary |
| 13:48 | Crear | Villager (Male) |
| 13:48 | Crear | Villager (Male) |
| 14:06 | Crear | Janissary |
| 14:06 | Crear | Janissary |
| 14:07 | Crear | Janissary |
| 14:33 | Crear | Petard |
| 14:34 | Crear | Petard |
| 14:54 | Crear | Villager (Male) |
| 14:55 | Crear | Villager (Male) |
| 14:59 | Construir | House |
| 15:00 | Construir | House |
| 15:02 | Construir | House |
| 15:03 | Construir | House |
| 15:18 | Construir | Lumber Camp |
| 15:22 | Crear | Villager (Male) |
| 15:22 | Crear | Villager (Male) |
| 15:43 | Crear | Janissary |
| 15:43 | Crear | Janissary |
| 16:21 | Crear | Janissary |
| 16:22 | Crear | Janissary |
| 16:39 | Crear | Janissary |
| 16:39 | Crear | Janissary |
| 16:48 | Crear | Janissary |
| 16:48 | Crear | Janissary |
| 17:09 | Crear | Villager (Male) |
| 17:26 | Crear | Villager (Male) |
| 17:36 | Crear | Battering Ram |
| 17:36 | Crear | Battering Ram |
| 17:54 | Crear | Villager (Male) |
| 18:10 | Crear | Janissary |
| 18:11 | Crear | Janissary |
| 18:18 | Construir | Farm |
| 18:19 | Construir | Farm |
| 18:19 | Construir | Farm |
| 18:19 | Construir | Farm |
| 18:20 | Crear | Villager (Male) |
| 18:28 | Crear | Battering Ram |
| 18:28 | Crear | Battering Ram |
| 19:03 | Crear | Janissary |
| 19:24 | Construir | Siege Workshop |
| 19:35 | Crear | Janissary |
| 19:35 | Crear | Janissary |
| 19:35 | Crear | Janissary |
| 20:05 | Crear | Villager (Male) |
| 20:06 | Crear | Villager (Male) |
| 20:09 | Crear | Janissary |
| 20:09 | Crear | Janissary |
| 21:01 | Crear | Villager (Male) |
| 21:01 | Crear | Villager (Male) |
| 21:17 | Crear | Mangonel |
| 21:22 | Construir | Siege Workshop |
| 21:25 | Crear | Janissary |
| 21:26 | Crear | Villager (Male) |
| 21:27 | Crear | Villager (Male) |
| 21:50 | Crear | Villager (Male) |
| 21:50 | Crear | Villager (Male) |
| 21:54 | Construir | Town Center |
| 22:01 | Construir | Lumber Camp |
| 22:06 | Crear | Janissary |
| 22:07 | Crear | Janissary |
| 22:26 | Construir | Town Center |
| 22:30 | Crear | Villager (Male) |
| 22:56 | Crear | Villager (Male) |
| 23:03 | Investigar | Bow Saw |
| 23:06 | Crear | Villager (Male) |
| 23:06 | Crear | Villager (Male) |
| 23:12 | Crear | Villager (Male) |
| 23:12 | Crear | Villager (Male) |
| 23:42 | Crear | Villager (Male) |
| 23:42 | Crear | Villager (Male) |
| 23:56 | Construir | Farm |
| 24:09 | Crear | Villager (Male) |
| 24:09 | Crear | Villager (Male) |
| 24:16 | Construir | Farm |
| 24:16 | Construir | Farm |
| 24:17 | Construir | Farm |
| 24:17 | Construir | Farm |
| 24:21 | Crear | Villager (Male) |
| 24:21 | Crear | Villager (Male) |
| 24:41 | Construir | Town Center |
| 24:44 | Crear | Villager (Male) |
| 24:44 | Crear | Villager (Male) |
| 24:44 | Crear | Villager (Male) |
| 25:10 | Crear | Villager (Male) |
| 25:10 | Crear | Villager (Male) |
| 25:12 | Crear | Villager (Male) |
| 25:15 | Crear | Villager (Male) |
| 25:32 | Construir | Farm |
| 25:33 | Construir | Farm |
| 25:33 | Construir | Farm |
| 25:40 | Crear | Villager (Male) |
| 25:40 | Crear | Villager (Male) |
| 25:41 | Crear | Villager (Male) |
| 25:45 | Construir | House |
| 25:46 | Construir | House |
| 25:47 | Construir | House |
| 25:48 | Construir | House |
| 25:49 | Construir | House |
| 25:50 | Construir | House |
| 25:57 | Crear | Villager (Male) |
Build order — ᅚᅚᅚᅚ
Primeras 150 de 404 acciones detectadas
| 0:14 | Construir | Lumber Camp |
| 0:22 | Construir | Mill |
| 0:24 | Crear | Villager (Male) |
| 0:25 | Crear | Villager (Male) |
| 0:25 | Crear | Villager (Male) |
| 0:25 | Crear | Villager (Male) |
| 0:25 | Crear | Villager (Male) |
| 1:14 | Crear | Villager (Male) |
| 1:45 | Crear | Villager (Male) |
| 2:38 | Crear | Villager (Male) |
| 3:02 | Crear | Villager (Male) |
| 3:02 | Crear | Villager (Male) |
| 3:07 | Crear | Villager (Male) |
| 3:10 | Crear | Villager (Male) |
| 3:12 | Crear | Villager (Male) |
| 3:12 | Crear | Villager (Male) |
| 3:14 | Crear | Villager (Male) |
| 3:14 | Crear | Villager (Male) |
| 3:25 | Crear | Villager (Male) |
| 4:13 | Crear | Villager (Male) |
| 4:17 | Construir | Farm |
| 4:24 | Construir | Farm |
| 4:27 | Construir | Farm |
| 5:17 | Construir | Mining Camp |
| 5:19 | Crear | Villager (Male) |
| 5:29 | Crear | Villager (Male) |
| 5:49 | Crear | Villager (Male) |
| 6:02 | Investigar | Feudal Age |
| 8:25 | Edad | Edad Feudal |
| 8:26 | Crear | Villager (Male) |
| 8:26 | Crear | Villager (Male) |
| 8:27 | Construir | Market |
| 8:30 | Construir | Blacksmith |
| 8:49 | Investigar | Double-Bit Axe |
| 8:50 | Investigar | Horse Collar |
| 9:27 | Investigar | Castle Age |
| 9:37 | Construir | Mining Camp |
| 12:01 | Crear | Villager (Male) |
| 12:02 | Crear | Villager (Male) |
| 12:07 | Edad | Edad de los Castillos |
| 12:09 | Construir | Town Center |
| 12:14 | Construir | Town Center |
| 12:39 | Construir | Town Center |
| 12:44 | Crear | Villager (Male) |
| 12:57 | Construir | House |
| 12:59 | Construir | House |
| 13:01 | Construir | House |
| 13:01 | Construir | House |
| 13:02 | Construir | House |
| 13:03 | Construir | House |
| 13:04 | Construir | House |
| 13:06 | Crear | Longbowman |
| 13:06 | Crear | Longbowman |
| 13:07 | Crear | Villager (Male) |
| 13:10 | Investigar | Fletching |
| 13:14 | Crear | Villager (Male) |
| 13:18 | Investigar | Bow Saw |
| 13:19 | Investigar | Bow Saw |
| 13:26 | Crear | Longbowman |
| 13:37 | Crear | Villager (Male) |
| 13:49 | Crear | Villager (Male) |
| 13:56 | Crear | Longbowman |
| 14:03 | Crear | Villager (Male) |
| 14:06 | Crear | Villager (Male) |
| 14:13 | Crear | Longbowman |
| 14:24 | Construir | Farm |
| 14:33 | Construir | Farm |
| 14:41 | Crear | Villager (Male) |
| 15:08 | Crear | Longbowman |
| 15:18 | Construir | Farm |
| 15:19 | Construir | Farm |
| 15:33 | Crear | Villager (Male) |
| 15:35 | Crear | Villager (Male) |
| 15:38 | Construir | Farm |
| 15:56 | Investigar | Bodkin Arrow |
| 16:03 | Crear | Longbowman |
| 16:26 | Crear | Villager (Male) |
| 16:48 | Crear | Longbowman |
| 16:59 | Crear | Longbowman |
| 17:00 | Crear | Longbowman |
| 17:00 | Crear | Longbowman |
| 17:00 | Crear | Longbowman |
| 17:01 | Crear | Villager (Male) |
| 17:02 | Crear | Villager (Male) |
| 17:18 | Construir | University |
| 17:20 | Crear | Longbowman |
| 17:20 | Crear | Longbowman |
| 17:26 | Crear | Villager (Male) |
| 17:29 | Construir | Farm |
| 17:29 | Construir | Farm |
| 17:30 | Construir | Farm |
| 17:40 | Crear | Villager (Male) |
| 17:40 | Crear | Villager (Male) ×2 |
| 17:42 | Construir | Farm |
| 17:47 | Crear | Longbowman |
| 18:04 | Crear | Villager (Male) ×2 |
| 18:32 | Investigar | Padded Archer Armor |
| 18:41 | Construir | Farm |
| 18:41 | Construir | Farm |
| 18:57 | Investigar | Ballistics |
| 19:12 | Crear | Longbowman ×4 |
| 19:19 | Crear | Villager (Male) |
| 19:19 | Crear | Villager (Male) |
| 19:24 | Construir | Farm |
| 19:29 | Crear | Villager (Male) ×3 |
| 19:39 | Crear | Villager (Male) |
| 19:41 | Construir | Farm |
| 19:52 | Crear | Villager (Male) |
| 19:53 | Crear | Villager (Male) |
| 19:59 | Crear | Longbowman |
| 20:09 | Crear | Villager (Male) ×2 |
| 20:12 | Construir | Farm |
| 20:13 | Construir | Farm |
| 20:42 | Crear | Longbowman |
| 20:50 | Crear | Villager (Male) ×5 |
| 20:51 | Crear | Villager (Male) ×5 |
| 21:18 | Construir | Farm |
| 21:18 | Construir | Farm |
| 21:18 | Construir | Farm |
| 21:18 | Construir | Farm |
| 21:22 | Construir | Farm |
| 21:22 | Construir | Farm |
| 21:22 | Construir | Farm |
| 21:22 | Construir | Farm |
| 21:23 | Construir | Farm |
| 21:23 | Construir | Farm |
| 21:23 | Construir | Farm |
| 21:23 | Construir | Farm |
| 21:25 | Crear | Villager (Male) ×4 |
| 21:29 | Crear | Villager (Male) |
| 21:33 | Construir | Farm |
| 21:40 | Crear | Villager (Male) |
| 21:43 | Crear | Longbowman |
| 21:45 | Crear | Villager (Male) |
| 21:53 | Construir | Farm |
| 21:54 | Construir | Farm |
| 21:55 | Construir | Farm |
| 21:56 | Construir | Farm |
| 22:01 | Construir | Farm |
| 22:02 | Crear | Villager (Male) ×2 |
| 22:15 | Investigar | Heavy Plow |
| 22:17 | Crear | Longbowman |
| 22:17 | Crear | Longbowman |
| 22:22 | Construir | Monastery |
| 22:27 | Crear | Villager (Male) ×2 |
| 22:36 | Crear | Villager (Male) |
| 22:56 | Investigar | Wheelbarrow |
| 23:03 | Crear | Villager (Male) ×3 |
| 23:24 | Investigar | Town Watch |
| 23:25 | Investigar | Loom |
Build order — Ux'Tycho0201
Primeras 150 de 634 acciones detectadas
| 0:02 | Crear | Villager (Male) |
| 0:02 | Crear | Villager (Male) |
| 0:02 | Crear | Villager (Male) |
| 0:02 | Crear | Villager (Male) |
| 0:03 | Crear | Villager (Male) |
| 0:07 | Construir | Lumber Camp |
| 0:20 | Construir | Mill |
| 0:58 | Crear | Villager (Male) |
| 1:23 | Crear | Villager (Male) |
| 1:23 | Crear | Villager (Male) |
| 1:23 | Crear | Villager (Male) |
| 1:43 | Crear | Villager (Male) |
| 1:43 | Crear | Villager (Male) |
| 2:11 | Crear | Villager (Male) |
| 2:34 | Crear | Villager (Male) |
| 2:51 | Crear | Villager (Male) |
| 3:24 | Crear | Villager (Male) |
| 4:07 | Crear | Villager (Male) |
| 4:25 | Construir | Mining Camp |
| 4:49 | Crear | Villager (Male) |
| 5:00 | Crear | Villager (Male) |
| 5:04 | Construir | Farm |
| 5:17 | Investigar | Feudal Age |
| 5:21 | Crear | Villager (Male) |
| 5:21 | Crear | Villager (Male) |
| 5:23 | Investigar | Feudal Age |
| 5:29 | Construir | Farm |
| 5:50 | Construir | Farm |
| 5:53 | Construir | Farm |
| 6:17 | Construir | Farm |
| 8:27 | Edad | Edad Feudal |
| 8:29 | Investigar | Castle Age |
| 8:31 | Construir | Stable |
| 8:40 | Construir | Blacksmith |
| 8:46 | Crear | Villager (Male) |
| 8:46 | Crear | Villager (Male) |
| 9:04 | Investigar | Double-Bit Axe |
| 9:05 | Investigar | Double-Bit Axe |
| 9:59 | Investigar | Bloodlines |
| 10:01 | Investigar | Scale Barding Armor |
| 10:08 | Construir | Farm |
| 10:58 | Construir | Farm |
| 10:58 | Construir | Farm |
| 11:09 | Edad | Edad de los Castillos |
| 11:12 | Crear | Knight |
| 11:12 | Crear | Knight |
| 11:21 | Crear | Villager (Male) |
| 11:25 | Construir | Farm |
| 11:50 | Investigar | Chain Barding Armor |
| 12:01 | Crear | Villager (Male) |
| 12:06 | Investigar | Horse Collar |
| 12:06 | Investigar | Horse Collar |
| 12:20 | Crear | Knight |
| 12:29 | Crear | Villager (Male) |
| 12:57 | Crear | Villager (Male) |
| 12:59 | Crear | Knight |
| 13:11 | Construir | Market |
| 13:20 | Crear | Villager (Male) |
| 13:25 | Construir | Farm |
| 13:31 | Crear | Knight |
| 13:31 | Crear | Knight |
| 13:42 | Construir | Farm |
| 13:49 | Crear | Villager (Male) |
| 14:01 | Crear | Knight |
| 14:02 | Crear | Knight |
| 14:03 | Crear | Villager (Male) |
| 14:09 | Construir | Farm |
| 14:30 | Construir | Farm |
| 14:30 | Construir | Farm |
| 14:32 | Crear | Villager (Male) |
| 14:33 | Crear | Villager (Male) |
| 15:12 | Investigar | Husbandry |
| 15:13 | Investigar | Husbandry |
| 15:13 | Investigar | Husbandry |
| 15:45 | Crear | Scout Cavalry |
| 15:48 | Crear | Knight |
| 15:48 | Crear | Knight |
| 15:48 | Crear | Knight |
| 16:01 | Construir | House |
| 16:23 | Crear | Villager (Male) |
| 16:26 | Construir | House |
| 16:27 | Construir | House |
| 16:29 | Crear | Villager (Male) |
| 16:46 | Construir | Farm |
| 16:46 | Construir | Farm |
| 16:48 | Crear | Villager (Male) |
| 17:10 | Crear | Knight |
| 17:10 | Crear | Knight |
| 17:10 | Crear | Knight |
| 17:10 | Crear | Knight |
| 17:35 | Crear | Villager (Male) |
| 17:35 | Crear | Villager (Male) |
| 17:45 | Construir | Town Center |
| 17:52 | Construir | Farm |
| 17:53 | Crear | Villager (Male) |
| 18:15 | Crear | Villager (Male) |
| 18:32 | Construir | Town Center |
| 18:43 | Construir | Mining Camp |
| 18:51 | Crear | Villager (Male) |
| 18:51 | Crear | Villager (Male) |
| 18:52 | Investigar | Wheelbarrow |
| 18:58 | Construir | Mining Camp |
| 19:28 | Construir | Palisade Wall |
| 19:28 | Crear | Villager (Male) |
| 19:29 | Crear | Villager (Male) |
| 19:40 | Construir | Farm |
| 19:41 | Construir | Farm |
| 19:42 | Crear | Villager (Male) |
| 19:42 | Crear | Villager (Male) |
| 19:43 | Crear | Villager (Male) |
| 19:56 | Crear | Villager (Male) |
| 20:00 | Construir | Farm |
| 20:23 | Construir | Lumber Camp |
| 20:27 | Crear | Villager (Male) |
| 20:27 | Crear | Villager (Male) |
| 20:27 | Crear | Villager (Male) |
| 20:42 | Crear | Knight |
| 20:45 | Crear | Scout Cavalry |
| 20:51 | Crear | Villager (Male) |
| 20:52 | Crear | Villager (Male) |
| 21:00 | Crear | Villager (Male) |
| 21:05 | Investigar | Bow Saw |
| 21:11 | Construir | Farm |
| 21:18 | Crear | Villager (Male) |
| 21:19 | Crear | Villager (Male) |
| 21:25 | Construir | Farm |
| 21:26 | Construir | Farm |
| 21:28 | Crear | Villager (Male) |
| 21:45 | Construir | Lumber Camp |
| 21:53 | Crear | Villager (Male) |
| 21:53 | Crear | Villager (Male) |
| 21:53 | Crear | Villager (Male) |
| 22:01 | Crear | Villager (Male) |
| 22:01 | Crear | Villager (Male) |
| 22:07 | Construir | Farm |
| 22:13 | Construir | Farm |
| 22:17 | Construir | Farm |
| 22:18 | Crear | Villager (Male) |
| 22:18 | Crear | Villager (Male) |
| 22:41 | Construir | Farm |
| 22:42 | Construir | Farm |
| 22:45 | Investigar | Heavy Plow |
| 22:45 | Investigar | Heavy Plow |
| 23:13 | Crear | Villager (Male) |
| 23:14 | Crear | Villager (Male) |
| 23:14 | Crear | Villager (Male) |
| 23:14 | Crear | Villager (Male) |
| 23:19 | Construir | House |
| 23:20 | Construir | House |
| 23:27 | Construir | Town Center |
Build order — Pelantaro
Primeras 150 de 637 acciones detectadas
| 0:01 | Crear | Villager (Male) |
| 0:01 | Crear | Villager (Male) |
| 0:01 | Crear | Villager (Male) |
| 0:06 | Construir | Lumber Camp |
| 0:12 | Crear | Villager (Male) |
| 0:39 | Construir | Mill |
| 2:01 | Crear | Villager (Male) |
| 2:01 | Crear | Villager (Male) |
| 2:51 | Investigar | Loom |
| 3:13 | Crear | Villager (Male) |
| 3:45 | Investigar | Feudal Age |
| 3:45 | Investigar | Feudal Age |
| 5:00 | Construir | Mining Camp |
| 5:31 | Crear | Villager (Male) |
| 5:34 | Crear | Villager (Male) |
| 5:55 | Edad | Edad Feudal |
| 5:56 | Investigar | Double-Bit Axe |
| 5:56 | Investigar | Horse Collar |
| 6:24 | Crear | Villager (Male) |
| 6:31 | Investigar | Wheelbarrow |
| 7:15 | Investigar | Gold Mining |
| 7:16 | Investigar | Gold Mining |
| 7:43 | Construir | Farm |
| 7:43 | Construir | Farm |
| 7:44 | Construir | Farm |
| 7:50 | Crear | Villager (Male) |
| 8:32 | Crear | Villager (Male) |
| 8:37 | Construir | Farm |
| 8:54 | Construir | Farm |
| 8:58 | Crear | Villager (Male) |
| 9:06 | Construir | Market |
| 9:19 | Construir | Farm |
| 9:39 | Crear | Villager (Male) |
| 9:43 | Construir | Farm |
| 9:46 | Crear | Villager (Male) |
| 9:59 | Construir | Blacksmith |
| 10:02 | Crear | Villager (Male) |
| 10:11 | Construir | Farm |
| 10:36 | Construir | Farm |
| 10:39 | Crear | Villager (Male) |
| 11:14 | Construir | Farm |
| 11:19 | Crear | Villager (Male) |
| 11:23 | Construir | Farm |
| 11:59 | Investigar | Castle Age |
| 12:57 | Construir | Archery Range |
| 12:58 | Investigar | Fletching |
| 13:02 | Crear | Villager (Male) |
| 13:04 | Crear | Villager (Male) |
| 13:31 | Construir | Archery Range |
| 14:39 | Edad | Edad de los Castillos |
| 14:46 | Crear | Unit 1952 |
| 14:50 | Crear | Unit 1949 |
| 15:00 | Construir | Town Center |
| 15:11 | Crear | Villager (Male) |
| 15:15 | Construir | Mining Camp |
| 15:18 | Crear | Villager (Male) |
| 15:26 | Investigar | Padded Archer Armor |
| 15:32 | Crear | Unit 1952 |
| 15:33 | Crear | Unit 1952 |
| 15:45 | Investigar | Gold Shaft Mining |
| 16:18 | Crear | Villager (Male) |
| 16:19 | Crear | Villager (Male) |
| 16:46 | Crear | Villager (Male) |
| 16:46 | Crear | Villager (Male) |
| 16:47 | Crear | Villager (Male) |
| 17:09 | Crear | Villager (Male) |
| 17:10 | Crear | Villager (Male) |
| 17:25 | Crear | Villager (Male) |
| 17:34 | Crear | Villager (Male) |
| 17:47 | Crear | Villager (Male) |
| 17:47 | Crear | Villager (Male) |
| 17:52 | Crear | Villager (Male) |
| 18:09 | Crear | Villager (Male) |
| 18:41 | Crear | Villager (Male) |
| 18:42 | Crear | Villager (Male) |
| 19:18 | Crear | Villager (Male) |
| 19:35 | Crear | Villager (Male) |
| 19:38 | Investigar | Heavy Plow |
| 19:45 | Construir | Mining Camp |
| 19:48 | Crear | Villager (Male) |
| 20:06 | Construir | Castle |
| 20:48 | Crear | Villager (Male) |
| 20:49 | Crear | Villager (Male) |
| 20:49 | Crear | Villager (Male) |
| 20:49 | Crear | Villager (Male) |
| 20:51 | Crear | Villager (Male) |
| 20:51 | Crear | Villager (Male) |
| 20:51 | Crear | Villager (Male) |
| 21:06 | Crear | Unit 1949 |
| 21:06 | Crear | Unit 1949 |
| 21:12 | Crear | Villager (Male) |
| 21:14 | Crear | Villager (Male) |
| 21:14 | Crear | Villager (Male) |
| 21:34 | Construir | Castle |
| 21:41 | Crear | Villager (Male) |
| 21:41 | Crear | Villager (Male) |
| 21:54 | Crear | Villager (Male) |
| 21:54 | Crear | Villager (Male) |
| 22:03 | Crear | Villager (Male) |
| 22:48 | Crear | Villager (Male) |
| 22:50 | Crear | Villager (Male) |
| 22:50 | Crear | Villager (Male) |
| 23:23 | Investigar | Town Watch |
| 23:27 | Construir | Lumber Camp |
| 23:35 | Crear | Unit 1952 |
| 23:56 | Construir | Town Center |
| 24:01 | Crear | Villager (Male) |
| 24:32 | Construir | Stone Wall |
| 24:52 | Crear | Unit 1949 |
| 24:53 | Crear | Unit 1949 |
| 25:00 | Investigar | Tech 1061 |
| 25:10 | Construir | Town Center |
| 25:17 | Construir | Farm |
| 25:17 | Construir | Farm |
| 25:17 | Construir | Farm |
| 25:17 | Construir | Farm |
| 25:17 | Construir | Farm |
| 25:26 | Crear | Villager (Male) |
| 25:27 | Crear | Villager (Male) |
| 25:27 | Crear | Villager (Male) |
| 25:27 | Crear | Villager (Male) |
| 25:35 | Crear | Villager (Male) |
| 25:35 | Crear | Villager (Male) |
| 26:06 | Crear | Villager (Male) |
| 26:39 | Construir | Stable |
| 26:46 | Investigar | Bow Saw |
| 26:49 | Crear | Villager (Male) |
| 26:52 | Construir | Farm |
| 26:53 | Construir | Farm |
| 26:53 | Construir | Farm |
| 26:53 | Construir | Farm |
| 26:53 | Construir | Farm |
| 26:53 | Construir | Farm |
| 26:54 | Construir | Farm |
| 27:00 | Construir | House |
| 27:00 | Construir | House |
| 27:05 | Construir | House |
| 27:06 | Construir | House |
| 27:07 | Construir | House |
| 27:13 | Crear | Villager (Male) |
| 27:14 | Crear | Villager (Male) |
| 27:30 | Crear | Unit 1952 |
| 27:36 | Crear | Villager (Male) |
| 27:49 | Construir | Lumber Camp |
| 27:55 | Construir | Farm |
| 27:55 | Construir | Farm |
| 27:57 | Construir | Farm |
| 27:57 | Construir | Farm |
| 27:59 | Crear | Villager (Male) |
| 28:00 | Crear | Villager (Male) |
Build order — Ux'Saintseko
Primeras 150 de 770 acciones detectadas
| 0:01 | Crear | Villager (Male) |
| 0:01 | Crear | Villager (Male) |
| 0:01 | Crear | Villager (Male) |
| 0:08 | Construir | Lumber Camp |
| 0:30 | Construir | Outpost |
| 0:57 | Crear | Villager (Male) |
| 1:13 | Crear | Villager (Male) |
| 2:00 | Crear | Villager (Male) |
| 2:06 | Construir | Mill |
| 2:32 | Crear | Villager (Male) |
| 2:33 | Crear | Villager (Male) |
| 2:33 | Crear | Villager (Male) |
| 2:33 | Crear | Villager (Male) |
| 3:08 | Crear | Villager (Male) |
| 3:46 | Crear | Villager (Male) |
| 3:58 | Crear | Villager (Male) |
| 4:06 | Construir | Farm |
| 4:09 | Construir | Farm |
| 4:16 | Construir | Farm |
| 4:24 | Crear | Villager (Male) |
| 4:45 | Investigar | Loom |
| 5:10 | Construir | Mining Camp |
| 5:22 | Crear | Villager (Male) |
| 5:22 | Investigar | Loom |
| 5:36 | Investigar | Feudal Age |
| 6:37 | Crear | Villager (Male) |
| 6:37 | Crear | Villager (Male) |
| 6:44 | Construir | Mining Camp |
| 7:22 | Crear | Villager (Male) |
| 7:42 | Construir | Farm |
| 7:47 | Construir | Farm |
| 8:27 | Edad | Edad Feudal |
| 8:29 | Construir | Blacksmith |
| 8:32 | Construir | Market |
| 8:44 | Crear | Villager (Male) |
| 9:14 | Investigar | Castle Age |
| 9:21 | Construir | Farm |
| 9:57 | Investigar | Double-Bit Axe |
| 10:57 | Investigar | Wheelbarrow |
| 11:37 | Construir | House |
| 11:57 | Edad | Edad de los Castillos |
| 12:08 | Construir | Town Center |
| 12:13 | Construir | House |
| 12:16 | Construir | Palisade Wall |
| 12:20 | Crear | Villager (Male) |
| 12:22 | Crear | Villager (Male) |
| 12:51 | Construir | Town Center |
| 13:20 | Crear | Villager (Male) |
| 13:36 | Construir | Stone Wall |
| 13:47 | Crear | Villager (Male) |
| 13:55 | Crear | Villager (Male) |
| 13:56 | Crear | Villager (Male) |
| 13:58 | Crear | Conquistador |
| 13:58 | Crear | Conquistador |
| 13:59 | Crear | Conquistador |
| 14:01 | Crear | Villager (Male) |
| 14:13 | Construir | Gate |
| 14:18 | Construir | Farm |
| 14:19 | Construir | Farm |
| 14:19 | Construir | Farm |
| 14:19 | Construir | Farm |
| 14:19 | Construir | Farm |
| 14:30 | Crear | Villager (Male) |
| 14:42 | Crear | Villager (Male) |
| 14:42 | Crear | Villager (Male) |
| 14:47 | Crear | Villager (Male) |
| 14:48 | Crear | Villager (Male) |
| 14:50 | Crear | Villager (Male) |
| 14:51 | Construir | Farm |
| 14:52 | Construir | Farm |
| 14:52 | Construir | Farm |
| 15:08 | Construir | Stone Wall |
| 15:11 | Crear | Villager (Male) |
| 15:28 | Construir | Farm |
| 15:28 | Construir | Farm |
| 15:28 | Construir | Farm |
| 15:28 | Construir | Farm |
| 15:29 | Construir | Farm |
| 15:32 | Crear | Conquistador |
| 15:40 | Crear | Villager (Male) |
| 15:55 | Construir | Lumber Camp |
| 16:00 | Crear | Villager (Male) |
| 16:15 | Construir | Gate |
| 16:18 | Crear | Villager (Male) |
| 16:27 | Crear | Conquistador |
| 16:27 | Crear | Conquistador |
| 16:37 | Construir | Farm |
| 16:37 | Construir | Farm |
| 16:37 | Construir | Farm |
| 16:39 | Crear | Villager (Male) |
| 16:47 | Construir | House |
| 16:49 | Crear | Villager (Male) |
| 16:53 | Crear | Villager (Male) |
| 17:02 | Crear | Villager (Male) |
| 17:22 | Crear | Villager (Male) |
| 17:25 | Crear | Villager (Male) |
| 17:36 | Construir | Farm |
| 17:36 | Construir | Farm |
| 17:36 | Construir | Farm |
| 17:37 | Construir | Farm |
| 17:40 | Crear | Villager (Male) |
| 17:44 | Construir | Farm |
| 17:44 | Construir | Farm |
| 17:45 | Construir | Farm |
| 17:52 | Crear | Villager (Male) |
| 17:54 | Crear | Villager (Male) |
| 17:55 | Crear | Villager (Male) |
| 18:02 | Construir | Farm |
| 18:02 | Construir | Farm |
| 18:02 | Construir | Farm |
| 18:02 | Construir | Farm |
| 18:03 | Construir | Farm |
| 18:03 | Crear | Villager (Male) |
| 18:37 | Crear | Villager (Male) |
| 18:37 | Crear | Villager (Male) |
| 18:37 | Crear | Villager (Male) |
| 18:38 | Crear | Villager (Male) |
| 18:38 | Crear | Villager (Male) |
| 18:42 | Construir | Farm |
| 18:42 | Construir | Farm |
| 18:42 | Construir | Farm |
| 18:43 | Construir | Farm |
| 18:49 | Crear | Villager (Male) |
| 19:22 | Crear | Villager (Male) |
| 19:22 | Crear | Villager (Male) |
| 19:23 | Crear | Villager (Male) |
| 19:23 | Crear | Villager (Male) |
| 19:24 | Crear | Villager (Male) |
| 19:25 | Crear | Villager (Male) |
| 19:28 | Construir | Mill |
| 19:29 | Construir | Farm |
| 19:30 | Construir | Farm |
| 19:30 | Construir | Farm |
| 19:30 | Construir | Farm |
| 19:30 | Construir | Farm |
| 19:30 | Construir | Farm |
| 19:31 | Construir | Farm |
| 19:31 | Construir | Farm |
| 19:31 | Construir | Farm |
| 19:32 | Crear | Villager (Male) |
| 19:35 | Crear | Villager (Male) |
| 19:41 | Crear | Villager (Male) |
| 19:48 | Crear | Villager (Male) |
| 20:08 | Crear | Villager (Male) |
| 20:10 | Crear | Villager (Male) |
| 20:12 | Crear | Villager (Male) |
| 20:13 | Crear | Villager (Male) |
| 20:32 | Crear | Villager (Male) |
| 20:35 | Crear | Villager (Male) |
| 20:39 | Construir | House |
Cronología de la partida
| 5:55 | Pelantaro · age_up feudal |
| 7:11 | CTM | Crawly94 · age_up feudal |
| 7:36 | Ux'DonChauron · age_up feudal |
| 7:36 | Rabe3000 · age_up feudal |
| 8:02 | |AT| Gorkha · age_up feudal |
| 8:25 | ᅚᅚᅚᅚ · age_up feudal |
| 8:27 | Ux'Tycho0201 · age_up feudal |
| 8:27 | Ux'Saintseko · age_up feudal |
| 8:31 | Ux'Tycho0201 · first_building Stable |
| 11:09 | Ux'Tycho0201 · age_up castle |
| 11:31 | Ux'DonChauron · age_up castle |
| 11:31 | Rabe3000 · age_up castle |
| 11:33 | CTM | Crawly94 · age_up castle |
| 11:33 | Ux'DonChauron · first_building Siege Workshop |
| 11:36 | CTM | Crawly94 · first_building Siege Workshop |
| 11:42 | |AT| Gorkha · age_up castle |
| 11:44 | Pelantaro · first_market_sell 100 wood |
| 11:46 | Pelantaro · first_market_buy 100 food |
| 11:51 | Ux'Saintseko · first_market_buy 100 wood |
| 11:57 | Ux'Saintseko · age_up castle |
| 12:07 | ᅚᅚᅚᅚ · age_up castle |
| 12:16 | Ux'Saintseko · wall_segment Palisade Wall x1 |
| 12:55 | |AT| Gorkha · first_building Stable |
| 12:57 | Pelantaro · first_building Archery Range |
| 13:24 | Ux'DonChauron · first_market_buy 100 food |
| 13:36 | Ux'Saintseko · wall_segment Stone Wall x1 |
| 14:32 | Rabe3000 · first_building Monastery |
| 14:39 | Pelantaro · age_up castle |
| 15:08 | Ux'Saintseko · wall_segment Stone Wall x13 |
| 15:41 | Rabe3000 · first_building Stable |
| 15:47 | Ux'Saintseko · first_market_sell 100 stone |
| 15:49 | ᅚᅚᅚᅚ · first_market_sell 100 stone |
| 18:25 | Ux'Tycho0201 · first_market_buy 100 wood |
| 19:26 | Ux'DonChauron · wall_segment Stone Wall x1 |
| 19:28 | Ux'Tycho0201 · wall_segment Palisade Wall x1 |
| 20:03 | |AT| Gorkha · first_market_sell 100 food |
| 20:05 | |AT| Gorkha · first_market_buy 100 food |
| 20:06 | Pelantaro · first_building Castle |
| 21:04 | Ux'DonChauron · wall_segment Stone Wall x11 |
| 21:07 | Rabe3000 · wall_segment Stone Wall x1 |
| 22:17 | CTM | Crawly94 · first_market_sell 100 wood |
| 22:22 | ᅚᅚᅚᅚ · first_building Monastery |
| 23:08 | |AT| Gorkha · first_building Castle |
| 23:23 | Ux'DonChauron · wall_segment Stone Wall x13 |
| 23:34 | CTM | Crawly94 · first_market_buy 100 stone |
| 23:51 | ᅚᅚᅚᅚ · first_building Castle |
| 24:01 | Ux'DonChauron · wall_segment Stone Wall x8 |
| 24:13 | Rabe3000 · first_building Archery Range |
| 24:19 | Ux'Saintseko · first_building Archery Range |
| 24:32 | Pelantaro · wall_segment Stone Wall x1 |
| 24:54 | Rabe3000 · age_up imperial |
| 25:02 | Ux'DonChauron · wall_segment Stone Wall x1 |
| 25:16 | Ux'DonChauron · wall_segment Stone Wall x11 |
| 25:27 | Ux'Saintseko · first_building Castle |
| 25:59 | Ux'DonChauron · wall_segment Stone Wall x14 |
| 26:21 | Rabe3000 · first_building Siege Workshop |
| 26:31 | Ux'Tycho0201 · first_market_sell 100 wood |
| 26:39 | Pelantaro · first_building Stable |
| 26:55 | CTM | Crawly94 · first_building Stable |
| 27:14 | Rabe3000 · first_building Castle |
| 27:15 | ᅚᅚᅚᅚ · wall_segment Stone Wall x6 |
| 27:19 | ᅚᅚᅚᅚ · wall_segment Stone Wall x3 |
| 27:38 | Ux'Saintseko · first_building Stable |
| 27:51 | Ux'DonChauron · first_building Barracks |
| 28:01 | Ux'DonChauron · age_up imperial |
| 28:10 | Ux'DonChauron · first_market_sell 100 food |
| 28:25 | CTM | Crawly94 · first_building Castle |
| 28:36 | Ux'Saintseko · wall_segment Stone Wall x1 |
| 28:39 | Ux'Saintseko · wall_segment Stone Wall x1 |
| 28:45 | Ux'Saintseko · age_up imperial |
| 29:00 | ᅚᅚᅚᅚ · age_up imperial |
| 29:03 | Ux'Tycho0201 · first_building Castle |
| 29:44 | Pelantaro · first_building Siege Workshop |
| 29:47 | Ux'Tycho0201 · age_up imperial |
| 30:22 | Ux'Tycho0201 · wall_segment Stone Wall x10 |
| 30:48 | Ux'Tycho0201 · wall_segment Stone Wall x3 |
| 31:31 | Ux'Tycho0201 · wall_segment Stone Wall x10 |
| 32:35 | Ux'Tycho0201 · wall_segment Stone Wall x1 |
| 33:07 | ᅚᅚᅚᅚ · first_building Barracks |
| 33:44 | Pelantaro · wall_segment Stone Wall x21 |
| 33:45 | Pelantaro · wall_segment Stone Wall x6 |
| 34:28 | Ux'DonChauron · first_building Castle |
| 35:01 | Ux'Saintseko · first_building Siege Workshop |
| 36:19 | ᅚᅚᅚᅚ · wall_segment Stone Wall x11 |
| 36:22 | Pelantaro · tribute_sent a jugador 1 |
| 36:22 | Pelantaro · tribute_sent a jugador 2 |
| 36:22 | Pelantaro · tribute_sent a jugador 3 |
| 36:22 | Pelantaro · tribute_sent a jugador 4 |
| 36:22 | Pelantaro · tribute_sent a jugador 5 |
| 36:22 | Pelantaro · tribute_sent a jugador 6 |
| 36:22 | Pelantaro · tribute_sent a jugador 8 |
| 36:23 | ᅚᅚᅚᅚ · wall_segment Stone Wall x7 |
| 36:53 | Pelantaro · first_building Barracks |
| 37:38 | Pelantaro · wall_segment Stone Wall x8 |
| 38:00 | Ux'DonChauron · first_building Stable |
| 39:09 | ᅚᅚᅚᅚ · first_market_buy 100 wood |
| 39:32 | Ux'Saintseko · first_building Monastery |
| 39:40 | Pelantaro · age_up imperial |
| 40:20 | Ux'DonChauron · first_building Monastery |
| 41:10 | Rabe3000 · tribute_sent a jugador 2 |
| 41:10 | Rabe3000 · tribute_sent a jugador 3 |
| 41:10 | Rabe3000 · tribute_sent a jugador 4 |
| 41:10 | Rabe3000 · tribute_sent a jugador 5 |
| 41:10 | Rabe3000 · tribute_sent a jugador 6 |
| 41:10 | Rabe3000 · tribute_sent a jugador 7 |
| 41:10 | Rabe3000 · tribute_sent a jugador 8 |
| 42:32 | ᅚᅚᅚᅚ · first_building Siege Workshop |
| 43:02 | Rabe3000 · first_market_sell 500 food |
| 43:30 | |AT| Gorkha · age_up imperial |
| 43:46 | CTM | Crawly94 · wall_segment Stone Wall x18 |
| 43:51 | CTM | Crawly94 · wall_segment Stone Wall x7 |
| 44:37 | |AT| Gorkha · first_building Siege Workshop |
| 48:26 | ᅚᅚᅚᅚ · wall_segment Stone Wall x11 |
| 49:47 | ᅚᅚᅚᅚ · tribute_sent a jugador 1 |
| 49:47 | ᅚᅚᅚᅚ · tribute_sent a jugador 2 |
| 49:47 | ᅚᅚᅚᅚ · tribute_sent a jugador 3 |
| 49:47 | ᅚᅚᅚᅚ · tribute_sent a jugador 4 |
| 49:47 | ᅚᅚᅚᅚ · tribute_sent a jugador 6 |
| 49:47 | ᅚᅚᅚᅚ · tribute_sent a jugador 7 |
| 49:47 | ᅚᅚᅚᅚ · tribute_sent a jugador 8 |
| 50:34 | CTM | Crawly94 · wall_segment Stone Wall x20 |
| 51:51 | CTM | Crawly94 · age_up imperial |
| 52:27 | ᅚᅚᅚᅚ · tribute_sent a jugador 1 |
| 52:27 | ᅚᅚᅚᅚ · tribute_sent a jugador 2 |
| 52:27 | ᅚᅚᅚᅚ · tribute_sent a jugador 3 |
| 52:27 | ᅚᅚᅚᅚ · tribute_sent a jugador 4 |
| 52:27 | ᅚᅚᅚᅚ · tribute_sent a jugador 6 |
| 52:27 | ᅚᅚᅚᅚ · tribute_sent a jugador 7 |
| 52:27 | ᅚᅚᅚᅚ · tribute_sent a jugador 8 |
| 52:30 | |AT| Gorkha · resign |
| 60:16 | Ux'DonChauron · tribute_sent a jugador 1 |
| 60:16 | Ux'DonChauron · tribute_sent a jugador 3 |
| 60:16 | Ux'DonChauron · tribute_sent a jugador 4 |
| 60:16 | Ux'DonChauron · tribute_sent a jugador 5 |
| 60:16 | Ux'DonChauron · tribute_sent a jugador 6 |
| 60:16 | Ux'DonChauron · tribute_sent a jugador 7 |
| 60:16 | Ux'DonChauron · tribute_sent a jugador 8 |
| 60:16 | Ux'Tycho0201 · tribute_sent a jugador 1 |
| 60:16 | Ux'Tycho0201 · tribute_sent a jugador 2 |
| 60:16 | Ux'Tycho0201 · tribute_sent a jugador 3 |
| 60:16 | Ux'Tycho0201 · tribute_sent a jugador 4 |
| 60:16 | Ux'Tycho0201 · tribute_sent a jugador 5 |
| 60:16 | Ux'Tycho0201 · tribute_sent a jugador 7 |
| 60:16 | Ux'Tycho0201 · tribute_sent a jugador 8 |
| 62:33 | Ux'DonChauron · tribute_sent a jugador 1 |
| 62:33 | Ux'DonChauron · tribute_sent a jugador 3 |
| 62:33 | Ux'DonChauron · tribute_sent a jugador 4 |
| 62:33 | Ux'DonChauron · tribute_sent a jugador 5 |
| 62:33 | Ux'DonChauron · tribute_sent a jugador 6 |
| 62:33 | Ux'DonChauron · tribute_sent a jugador 7 |
| 62:33 | Ux'DonChauron · tribute_sent a jugador 8 |
| 63:46 | Ux'Tycho0201 · tribute_sent a jugador 1 |
| 63:46 | Ux'Tycho0201 · tribute_sent a jugador 2 |
| 63:46 | Ux'Tycho0201 · tribute_sent a jugador 3 |
| 63:46 | Ux'Tycho0201 · tribute_sent a jugador 4 |
| 63:46 | Ux'Tycho0201 · tribute_sent a jugador 5 |
| 63:46 | Ux'Tycho0201 · tribute_sent a jugador 7 |
| 63:46 | Ux'Tycho0201 · tribute_sent a jugador 8 |
| 64:46 | Ux'DonChauron · tribute_sent a jugador 1 |
| 64:46 | Ux'DonChauron · tribute_sent a jugador 3 |
| 64:46 | Ux'DonChauron · tribute_sent a jugador 4 |
| 64:46 | Ux'DonChauron · tribute_sent a jugador 5 |
| 64:46 | Ux'DonChauron · tribute_sent a jugador 6 |
| 64:46 | Ux'DonChauron · tribute_sent a jugador 7 |
| 64:46 | Ux'DonChauron · tribute_sent a jugador 8 |
[ ANÁLISIS IA · 1 CRÉDITO ]
¿Qué pasó realmente en esta partida?
Wolo.gg analiza cada decisión: build order, eco, micro, errores típicos por bracket. Análisis personalizado por WhatsApp o Discord en 30 segundos.
Guía civ
Celtas
Perfil
Ux'DonChauron